 Dungeon Crawl Stone Soup version 0.32-a0-141-g04fe69798e (webtiles) character file.

Game seed: 8265831439261803969

688 Muffindrake the Digger (level 7, -1/43 (50) HPs)
             Began as a Black Draconian Earth Elementalist on Feb 11, 2024.
             Was an Initiate of Wu Jian.
             Slain by a wight
             ... wielding a +0 halberd
              (9 damage)
             ... on level 4 of the Dungeon.
             The game lasted 00:13:09 (3349 turns).

Muffindrake the Digger (DrEE)                       Turns: 3349, Time: 00:13:10

HP:   -1/43 (50)    AC:  9    Str: 15    XL:     7   Next: 36%
MP:   0/12          EV: 12    Int: 17    God:    Wu Jian [......]
Gold: 176           SH:  0    Dex:  6    Spells: 5/13 levels left

rFire   . . .        d - +2 dagger (protect)
rCold   + . .        (no shield)
rNeg    . . .        (body armour unavailable)
rPois   .            (helmet restricted)
rElec   +            (no cloak)
rCorr   +            (no gloves)
SInv    .            p - +2 pair of boots of Kifocsee {rC+ rCorr Str+4 Dex-5}
Will    .....        (no amulet)
Stlth   ++           q - +4 ring of slaying
HPRegen 0.27/turn    (no ring)
MPRegen 0.13/turn

%: no passive effects
@: short of breath, heavily drained
A: breathe lightning, AC +6, unfitting armour, electricity resistance,
cold-blooded
a: Breathe Lightning, Renounce Religion


You were on level 4 of the Dungeon.
You worshipped Wu Jian.
Wu Jian was noncommittal.
You visited 2 branches of the dungeon, and saw 5 of its levels.

You collected 176 gold pieces.

Inventory:

Hand Weapons
 d - a +2 dagger of protection (weapon)
Missiles
 i - 5 silver javelins
Armour
 p - the +2 pair of boots of Kifocsee (worn) {rC+ rCorr Str+4 Dex-5}
   (You found it on level 3 of the Dungeon)

   Str+4:     It affects your strength (+4).
   Dex-5:     It affects your dexterity (-5).
   rC+:       It protects you from cold.
   rCorr:     It protects you from acid and corrosion.
Magical Staves
 r - a staff of earth
Jewellery
 q - a +4 ring of slaying (left hand)
Scrolls
 f - a scroll of acquirement {unknown}
 h - 3 scrolls of brand weapon
 j - a scroll of enchant weapon {unknown}
 k - a scroll of fog {unknown}
 n - 3 scrolls of enchant armour
 t - a scroll of blinking {unknown}
 u - 2 scrolls of teleportation {unknown}
 v - a scroll of immolation {unknown}
Potions
 a - a potion of magic
 c - a potion of heal wounds {unknown}
 e - a potion of enlightenment {unknown}
 g - 3 potions of curing
 l - 2 potions of brilliance
 m - 3 potions of might
 o - 2 potions of lignification {unknown}
 s - a potion of attraction {unknown}


   Skills:
 + Level 0.0 Fighting
 + Level 0.0 Short Blades
 - Level 3.4 Dodging
 - Level 3.5 Stealth
 - Level 3.5 Spellcasting
 - Level 3.2 Conjurations
 * Level 4.6 Earth Magic
 * Level 0.0 Alchemy


You had 5 spell levels left.
You knew the following spells:

 Your Spells              Type           Power      Damage    Failure   Level
a - Sandblast             Erth           36%        2d10      2%          1
b - Passwall              Erth           18%        N/A       8%          3
c - Petrify               Alch/Erth      10%        N/A       54%         4

Your spell library contained the following spells:

 Spells                   Type           Power      Damage    Failure   Level
 Stone Arrow              Conj/Erth      32%        3d9       10%         3
 Cigotuvi's Dreadful Rot  Necr/Alch/Air  4%         N/A       26%         2
 Brom's Barrelling Bould  Conj/Erth      16%        2d4       32%         4
 Leda's Liquefaction      Alch/Erth      5%         N/A       54%         4
 Yara's Violent Unravell  Hex/Alch       1%         3d3       99%         5
 Malign Gateway           Summ/Tloc      1%         N/A       100%        7


Dungeon Overview and Level Annotations

Branches:
Dungeon (4/15)             Temple (1/1) D:4

Altars:
Ashenzari
Cheibriados
Elyvilon
Gozag
Hepliaklqana
Kikubaaqudgha
Nemelex Xobeh
Qazlal
Ru
Sif Muna
Trog
Wu Jian
Xom
Zin


Innate Abilities, Weirdness & Mutations

You can breathe wild blasts of lightning.
Your glossy black scales are hard. (AC +6)
You cannot fit into any form of body armour.
You are resistant to electric shocks. (rElec)
You are cold-blooded and may be slowed by cold attacks.


Message History

You have got your breath back.
The wight misses you.
Casting: Sandblast (safe; 2% risk of failure)
Confirm with . or Enter, or press ? or * to list all spells.
Aiming: Sandblast (safe; 2% risk of failure)
Press: ? - help, Shift-Dir - straight line, f/p - wight
Aim: a wight, wielding a +0 halberd and wearing a +0 robe (heavily damaged, 82% to hit)
The blast of sand hits the wight.
The wight is heavily damaged.
The wight hits you but does no damage.
You lunge at the wight.
You hit the wight.
Your weapon exudes an aura of protection.
The wight is severely damaged.
The wight closely misses you.
Activating: Breathe Lightning (5% risk of failure)
Press: ? - help, Dir - look around, f - activate You breathe a wild blast of lightning!
The wight hits you but does no damage.
Unknown command.
The wight barely misses you.
Casting: Sandblast (safe; 2% risk of failure)
Confirm with . or Enter, or press ? or * to list all spells.
Aiming: Sandblast (safe; 2% risk of failure)
Press: ? - help, Shift-Dir - straight line, f - wight
Aim: a wight, wielding a +0 halberd and wearing a +0 robe (severely damaged, 82% to hit)
The blast of sand hits the wight but does no damage.
The wight is severely damaged.
The wight barely misses you.
The wight hits you from afar with a +0 halberd!
* * * LOW HITPOINT WARNING * * *
You feel drained.
* * * LOW HITPOINT WARNING * * *
Unknown command.
Casting: Sandblast (safe; 2% risk of failure)
Confirm with . or Enter, or press ? or * to list all spells.
Aiming: Sandblast (safe; 2% risk of failure)
Press: ? - help, Shift-Dir - straight line, f/p - wight
Aim: a wight, wielding a +0 halberd and wearing a +0 robe (severely damaged, 82% to hit)
The blast of sand misses the wight.
The wight hits you from afar with a +0 halberd!
You die...

..............#.#..........#..#..
....#....>................##.##..
#..##.......................##..
#...........##..................
#...#...#...##...........#.....#
##.......)...............##......
#..........)#............##......
##..#.)...))##............#......
#........#..###.@................
.........##...#.#.#.......##.....
##.......##...z.####......##.....
#.......###.....####........#...
##.#...## ###...........#...##..
###..## #...........##...... ##.#
##..#..........#..##
####........###....
##.......###....


You could see a wight.

Vanquished Creatures
  2 phantoms
  A scorpion (D:4)
  4 wights (D:4)
  A centaur zombie (D:4)
  An orc priest (D:4)
  A hound (D:2)
  A scorpion zombie (D:4)
  A hound zombie (D:4)
  7 adders
  2 ribbon worms
  4 dart slugs
  10 ball pythons
  7 endoplasms
  A giant cockroach (D:2)
  2 goblins
  6 hobgoblins
  3 jackals (D:3)
  3 quokkas
  3 bats
  3 frilled lizards
  9 kobolds
  5 rats
77 creatures vanquished.

Notes
Turn   | Place    | Note
-------+----------+-------------------------------------------
     0 | D:1      | Muffindrake the Draconian Earth Elementalist began the
                  | quest for the Orb.
     0 | D:1      | Reached XP level 1. HP: 14/14 MP: 3/3
   356 | D:1      | Reached XP level 2. HP: 20/20 MP: 0/5
   851 | D:1      | Reached XP level 3. HP: 26/26 MP: 6/6
   864 | D:1      | Learned a level 3 spell: Passwall
  1354 | D:2      | Reached XP level 4. HP: 33/33 MP: 7/7
  1483 | D:2      | Found a faded altar of an unknown god.
  1702 | D:3      | Identified the +2 pair of boots of Kifocsee {rC+ rCorr
                  | Str+4 Dex-5}
  1750 | D:3      | Noticed a phantom
  1757 | D:3      | Killed a phantom
  1758 | D:3      | Reached skill level 4 in Earth Magic
  1758 | D:3      | Reached XP level 5. HP: 38/38 MP: 2/9
  1763 | D:3      | Learned a level 4 spell: Petrify
  1831 | D:3      | Found a sparkling altar of Nemelex Xobeh.
  2593 | D:4      | Reached XP level 6. HP: 37/45 MP: 10/10
  2599 | D:4      | Found an ornate altar of the Wu Jian Council.
  2649 | D:4      | Became a worshipper of the Wu Jian Council
  2704 | D:4      | Got Miyxerot's Handbook of Reconfigured Shifting
  2818 | D:4      | Noticed an ice beast
  2907 | D:4      | Found a staircase to the Ecumenical Temple.
  2917 | D:4      | Reached skill level 5 in Earth Magic
  2919 | Temple   | Entered the Ecumenical Temple
  3167 | D:4      | Your scales start taking on a glossy black colour.
  3167 | D:4      | Reduced skill Earth Magic to level 4
  3167 | D:4      | Reached XP level 7. HP: 10/49 MP: 1/12
  3167 | D:4      | Gained mutation: You are resistant to electric shocks.
                  | (rElec) [Black Draconian growth]
  3349 | D:4      | Slain by a wight

Illustrated notes

Levels and vault maps discovered:
D:1:      evilmike_arrival_plus, layout_loops_ring, hangedman_decor_riveting
D:2:      layout_rooms, hellmonk_ecumenical_altar_heavens_door,
          reono_crystal_passage
D:3:      kennysheep_six_static_rooms, layout_loops_ring,
          nemelex_spade_bored_becter
D:4:      layout_cave_pools, lemuel_crystal_altar,
          minmay_temple_entry_proselytizer, serial_undead, serial_undead_e,
          serial_undead_a, serial_undead_b, serial_undead_b,
          gammafunk_ghost_grave
Temple:   hellmonk_temple_flake

Skill      XL: |  1  2  3  4  5  6  7 |
---------------+----------------------+-----
Dodging        | 2 3 |  3.4
Stealth        | 2 3 |  3.5
Conjurations   | 2 3 |  3.2
Earth Magic    | 4 4 |  4.6
Spellcasting   | 3 |  3.5

Action                     |  1- 3 |  4- 6 |  7- 9 || total
---------------------------+-------+-------+-------++-------
  Melee: Unarmed           |    10 |       |       ||    10
         Tailslap          |     7 |    13 |       ||    20
         Dagger            |    34 |   139 |     1 ||   174
         Punch             |     1 |     2 |       ||     3
   Cast: Sandblast         |    51 |    45 |    18 ||   114
Ability: Lunge             |       |     2 |     1 ||     3
         Breathe Lightning |       |       |     3 ||     3
    Use: Scroll            |       |     5 |       ||     5
   Stab: Sleeping          |       |     3 |       ||     3
 Armour: Skin              |    45 |   132 |    18 ||   195
  Dodge: Dodged            |    72 |   151 |    21 ||   244

Table legend: (Time is in decaauts)
 A = Elapsed time spent in this place.
 B = Non-inter-level travel time spent in this place.
 C = Inter-level travel time spent in this place.
 D = Time resting spent in this place.
 E = Time spent auto-exploring this place.
 F = Levels seen in this place.
 G = Mean time per level.
                   A        B        C        D        E       F      G
               +--------+--------+--------+--------+--------+-----+--------+
         Total |   3403 |   3342 |     61 |    369 |   2005 |   5 |  680.6 |
       Dungeon |   3289 |   3228 |     61 |    256 |   2005 |   4 |  822.2 |
        Temple |    114 |    114 |      0 |    113 |      0 |   1 |  114.0 |
               +--------+--------+--------+--------+--------+-----+--------+

Top non-repeatable levels by time:
     D:1: 1139 daAuts
     D:3: 919 daAuts
     D:4: 703 daAuts
     D:2: 527 daAuts
  Temple: 114 daAuts
